AoeStats
← Pierretto

Arena

506805779Analyzed
1v1 RM · 18d ago on Sep 15, 2026· 43m 25s· 2 players
Game mode
Random Map
Map size
Tiny (2 player)
Population
200
Speed
Normal
Resources
Standard
Victory
Conquest
Starting age
Dark Age
Ending age
Imperial Age
RankedLock teamsTeams togetherTeam positionsShared explorationLock speedFull tech treeHidden civsTurbo modeCheats
Victory
Defeat
🇨🇭 Armenians · Switzerland
1383
+15
🇦🇺 Armenians · Australia
1371
-15
THE1andoNLY3712
9:53 Feudal Age
14:26 Castle Age
12:53 Double-Bit Axe
14:10 Scale Mail Armor
15:35 Bow Saw
16:13 Sanctity
16:54 Fervor
19:47 Atonement
23:57 Horse Collar
24:13 Loom
25:33 Wheelbarrow
28:07 Fletching
30:56 Imperial Age
28:59 Bodkin Arrow
29:05 Padded Archer Armor
30:00 Gold Mining
30:03 Stone Mining
30:38 Ballistics
30:40 Masonry
31:24 Leather Archer Armor
31:59 Gold Shaft Mining
32:08 Conscription
31:52 Bracer
31:47 Man-at-Arms
32:30 Squires
32:22 Elite Composite Bowman
34:10 Long Swordsman
35:11 Fortified Wall
36:02 Fereters
35:26 Two-Handed Swordsman
36:48 Champion
37:15 Gambesons
37:17 Arson
37:52 Chain Mail Armor
40:21 Plate Mail Armor
40:03 Forging
44:02 Hand Cart
Pierretto
9:26 Feudal Age
13:13 Castle Age
12:00 Double-Bit Axe
14:13 Bow Saw
16:47 Loom
17:14 Scale Mail Armor
17:27 Fervor
19:40 Chain Mail Armor
20:23 Sanctity
21:41 Forging
27:17 Imperial Age
25:53 Wheelbarrow
25:06 Horse Collar
25:28 Stone Mining
25:56 Fletching
26:21 Heavy Plow
27:31 Iron Casting
26:55 Bodkin Arrow
27:49 Ballistics
27:45 Bodkin Arrow
27:51 Padded Archer Armor
28:48 Hand Cart
29:37 Bracer
30:43 Padded Archer Armor
31:18 Masonry
34:04 Chemistry
33:56 Conscription
35:03 Elite Composite Bowman
36:05 Gold Mining
37:05 Leather Archer Armor
38:03 Plate Mail Armor
38:08 Iron Casting
38:16 Ring Archer Armor
37:15 Man-at-Arms
37:41 Gambesons
37:57 Squires
38:37 Plate Mail Armor
39:28 Long Swordsman
39:54 Gambesons
40:09 Squires
40:41 Fereters
40:18 Two-Handed Swordsman
41:43 Champion
Connection lost

Rejoining the realm…

Still unreachable

The connection could not be restored.

Session expired

The server has moved on; the page needs a fresh start.